 Dungeon Crawl Stone Soup version 0.29-a0-885-gb26ba3297d (webtiles) character file.

Game seed: 15726867599265352523

2 Snarg the Vexing (level 1, -1/9 HPs)
             Began as a Spriggan Arcane Marksman on July 20, 2022.
             Slain by a goblin
             ... wielding a +0 club
              (2 damage)
             ... on level 1 of the Dungeon.
             The game lasted 00:00:46 (52 turns).

Snarg the Vexing (Spriggan Arcane Marksman)           Turns: 52, Time: 00:00:47

Health: -1/9       AC:  2    Str:  6    XL:     1   Next: 25%
Magic:  3/3        EV: 17    Int: 14    God:
Gold:   0          SH:  0    Dex: 15    Spells: 1/2 levels left

rFire   . . .      SeeInvis +   e - +0 hand axe
rCold   . . .      Faith    .   (no shield)
rNeg    . . .      Spirit   .   c - +0 robe
rPois   .          Reflect  .   (helmet restricted)
rElec   .          Harm     .   (no cloak)
rCorr   .          Rampage  .   (gloves unavailable)
Will    .....                   (boots unavailable)
Stlth   +.........              (no amulet)
HPRegen 0.03/turn               (no ring)
MPRegen 0.08/turn               (no ring)

@: very quick
A: very small, no large weapons, unfitting armour, see invisible, speed 3
a: no special abilities


You were on level 1 of the Dungeon.
You visited 1 branch of the dungeon, and saw 1 of its levels.

Inventory:

Hand Weapons
 a - a +0 sling
 e - a +0 hand axe (weapon)
Armour
 c - a +0 robe (worn)
Scrolls
 b - a scroll of vulnerability
 d - a scroll of identify {unknown}


   Skills:
 + Level 0.7 Fighting
 + Level 2.0 Ranged Weapons
 + Level 2.6 Dodging
 + Level 1.3 Spellcasting
 + Level 3.8 Hexes


You had one spell level left.
You knew the following spells:

 Your Spells              Type           Power      Damage    Failure   Level
a - Slow                  Hex            44%        N/A       5%          1

Your spell library contained the following spells:

 Spells                   Type           Power      Damage    Failure   Level
 Inner Flame              Hex/Fire       6%         N/A       34%         3
 Portal Projectile        Hex/Tloc       12%        N/A       34%         3
 Cause Fear               Hex            5%         N/A       45%         4


Dungeon Overview and Level Annotations

Branches:
Dungeon (1/15)

Altars:


Innate Abilities, Weirdness & Mutations

You are very small and have problems with some larger weapons.
You are too small for most types of armour.
You have supernaturally acute eyesight. (SInv)
You cover ground extremely quickly. (Speed+++)


Message History

You are too injured to fight recklessly!
Found a hand axe.
You are too injured to fight recklessly!
Fire: a) +0 sling
Press: ? - help, Shift-Dir - straight line, f/p - goblin
Aim: a goblin, wielding a +0 club (moderately wounded, 47% to hit)
You shoot a sling bullet.
The sling bullet closely misses the goblin.
Fire: a) +0 sling
Press: ? - help, Shift-Dir - straight line, f/p - goblin
Aim: a goblin, wielding a +0 club (moderately wounded, 47% to hit)
You shoot a sling bullet. The sling bullet misses the goblin.
Found a plate armour.
A bat comes into view.
Found a clear potion.
You see here a +0 hand axe.
e - a +0 hand axe The bat misses you.
e - a +0 hand axe (weapon)
The goblin hits you with a +0 club.
* * * LOW HITPOINT WARNING * * *
You hit the goblin.
The goblin is heavily wounded.
You hit the fungus.
The fungus begins to die.
You hit the plant.
The plant begins to die.
The bat hits you but does no damage. The goblin closely misses you.
The bat closely misses you.
You hit the bat.
You kill the bat!
You barely miss the goblin. You hit the plant. You hit the fungus.
A nearby plant withers and dies.
A nearby fungus withers and dies.
The goblin misses you. The goblin closely misses you.
Unknown command.
You barely miss the goblin.
The goblin is heavily wounded.
The goblin closely misses you.
You completely miss the goblin.
The goblin is heavily wounded.
The goblin hits you with a +0 club.
You die...

. .## ####+#+####
P####P.. #.........#
#...P...# ###..#.8.#..##
.P.PPP...##...g.≈.≈.....
#..⌠... #.#.#.......).#.
.P⌠⌠P.≈###..#..#...#..#
..⌠.P..@###.#.........#
#[.P...†g...#.........#
...P...##.###..#...#..#
......P #.# #.........#
....#.. #.# #.........#
.#####. ... #....<...[#
!. #.# ########### ..
... .. ...


You could see a goblin.

Vanquished Creatures
  A goblin (D:1)
  A bat (D:1)
2 creatures vanquished.

Vanquished Creatures (others)
  A fungus (D:1)
  A plant (D:1)
2 creatures vanquished.

Grand Total: 4 creatures vanquished

Notes
Turn   | Place    | Note
-------+----------+-------------------------------------------
     0 | D:1      | Snarg the Spriggan Arcane Marksman began the quest for the
                  | Orb.
     0 | D:1      | Reached XP level 1. HP: 9/9 MP: 3/3
    52 | D:1      | Slain by a goblin

Illustrated notes

Levels and vault maps discovered:
D:1:      shiori_arrival_oz, layout_loops_ring,
          shapermc_ecumenical_altar_mp_ritualfount

Action                   || total
-------------------------++-------
Melee: Hand axe          ||     4
       Unarmed           ||     4
 Fire: Sling             ||     7
Armor: Robe              ||     1
Dodge: Dodged            ||     9

Table legend: (Time is in decaauts)
 A = Elapsed time spent in this place.
 B = Non-inter-level travel time spent in this place.
 C = Inter-level travel time spent in this place.
 D = Time resting spent in this place.
 E = Time spent auto-exploring this place.
 F = Levels seen in this place.
 G = Mean time per level.
                   A        B        C        D        E       F      G
               +--------+--------+--------+--------+--------+-----+--------+
         Total |     40 |     40 |      0 |      0 |      2 |   1 |   40.0 |
       Dungeon |     40 |     40 |      0 |      0 |      2 |   1 |   40.0 |
               +--------+--------+--------+--------+--------+-----+--------+

Top non-repeatable levels by time:
     D:1: 40 daAuts
